 Dungeon Crawl Stone Soup version 0.22.1-6-g1668fe2c40 (webtiles) character file.

2210 Ihlosi the Cudgeler (level 9, -3/54 HPs)
             Began as a Kobold Fighter on Jan 29, 2019.
             Was a Follower of the Shining One.
             Slain by an ice beast (13 damage)
             ... on level 8 of the Dungeon.
             The game lasted 00:22:10 (7960 turns).

Ihlosi the Cudgeler (Kobold Fighter)                Turns: 7960, Time: 00:22:10

Health: -3/54      AC: 12    Str: 17    XL:     9   Next: 61%
Magic:  21/21      EV: 11    Int:  9    God:    the Shining One [*.....]
Gold:   427        SH: 10    Dex: 14    Spells: 8/8 levels left

rFire    . . .     SeeInvis .   a - +0 morningstar
rCold    . . .     Gourm    .   c - +0 shield
rNeg     . . .     Faith    .   b - +0 scale mail
rPois    .         Spirit   .   n - +0 helmet
rElec    .         Reflect  .   v - +0 cloak
rCorr    .         Harm     .   j - +0 pair of gloves
MR       .....                  m - +1 pair of boots
Stlth    ..........             (no amulet)
HPRegen  0.18/turn              (no ring)
MPRegen  0.17/turn              x - ring of magical power

@: glowing, drained
A: small, carnivore
a: Renounce Religion


You were on level 8 of the Dungeon.
You worshipped the Shining One.
The Shining One was aware of your devotion.
You were very full.

You visited 2 branches of the dungeon, and saw 9 of its levels.

You collected 427 gold pieces.

Inventory:

Hand Weapons
 a - a +0 morningstar (weapon)
 w - a +1 flail
 C - the +4 hunting sling of Instant Death {venom, rC++ Str+4 Dex-4}
   (You found it on level 7 of the Dungeon)

   It poisons the ammo it fires.
   It affects your strength (+4).
   It affects your dexterity (-4).
   It greatly protects you from cold.
Missiles
 s - 3 curare-tipped needles
Armour
 b - a +0 scale mail (worn)
 c - a +0 shield (worn)
 j - a +0 pair of gloves (worn)
 m - a +1 pair of boots (worn)
 n - a +0 helmet (worn)
 v - a +0 cloak (worn)
 B - a +2 leather armour of magic resistance
Jewellery
 o - an uncursed ring of resist corrosion
 r - an uncursed ring of flight
 x - a ring of magical power (right hand)
Wands
 t - a wand of iceblast (4)
Scrolls
 d - 4 scrolls of remove curse
 e - 2 scrolls of teleportation
 h - a scroll of blinking
 l - 3 scrolls of enchant weapon
 q - a scroll of fog
 y - a scroll of torment {unknown}
 A - a scroll of magic mapping
Potions
 g - a potion of brilliance
 i - 3 potions of haste
 k - 2 potions of resistance
 p - 3 potions of agility
 u - 5 potions of curing {unknown}
 z - a potion of mutation {unknown}
Comestibles
 f - 15 rations


   Skills:
 * Level 5.6(5.1) Fighting
 * Level 7.1(6.7) Maces & Flails
 * Level 4.5(4.1) Armour
 * Level 4.3(3.9) Dodging
 * Level 4.5(4.1) Shields
 * Level 4.2(3.7) Evocations


You had 8 spell levels left.
You didn't know any spells.
Your spell library contained the following spells:

 Spells                   Type           Power        Failure   Level  Hunger
 Confusing Touch          Hex            #.....       99%         1    ##.....
 Confuse                  Hex            #.......     100%        3    ####...
 Gell's Gravitas          Tloc           #.........   100%        3    ####...
 Petrify                  Tmut/Erth      #.......     100%        4    #####..
 Metabolic Englaciation   Hex/Ice        #.........   100%        5    ######.
 Yara's Violent Unravell  Hex/Tmut       #.........   100%        5    ######.


Dungeon Overview and Level Annotations

Branches:
Dungeon (8/15)             Temple (1/1) D:4
   Lair: D:8-11

Altars:
Ashenzari
Cheibriados
Dithmenos
Elyvilon
Fedhas
Gozag
Hepliaklqana
Kikubaaqudgha
Makhleb
Nemelex Xobeh
Okawaru
Qazlal
Ru
Sif Muna
Trog
Vehumet
Wu Jian
Xom
Yredelemnul
Zin
The Shining One


Innate Abilities, Weirdness & Mutations

You are small and have problems with some larger weapons.
You are carnivorous and can eat meat at any time.


Message History

The ice beast hits you but does no damage.
You closely miss the ice beast.
The ice beast is moderately wounded.
The ice beast hits you but does no damage.
The ice beast closely misses you.
You sock the ice beast!
The ice beast is heavily wounded.
The ice beast barely misses you.
Your shield and scale mail prevent you from hitting the ice beast.
The ice beast is heavily wounded.
The ice beast hits you but does no damage.
You closely miss the ice beast.
The ice beast is heavily wounded.
The ice beast hits you but does no damage.
You hit the ice beast.
The ice beast is severely wounded.
You block the ice beast's attack. The ice beast hits you.
* * * LOW HITPOINT WARNING * * *
The ice beast freezes you!
You die...

...##....>........<.#
...............'#######+
...............#...#...#
...............#...#...#
.####...########.......#
.# #...##....####._.###
.. .......<...#..)....#
..#............#.†.#.†.#
..+............#@..#...#
........Y#######+
###..#.....# #####...##
#...#########
+.>....Z.....
#>..Z........
#............
#............


You could see an ice beast.

Vanquished Creatures
  2 orc warriors
  2 ice beasts
  A phantom (D:3)
  4 ogres
  2 centaurs
  3 bullfrogs
  A scorpion (D:4)
  A howler monkey (D:4)
  4 crimson imps
  A bullfrog zombie (D:5)
  A centaur zombie (D:8)
  A hound (D:5)
  A jelly (D:6)
  3 orc priests
  4 orc wizards
  An iguana (D:6)
  7 worker ants
  3 hound skeletons
  2 howler monkey skeletons
  13 adders
  2 shadow imps (D:6)
  2 oozes (D:2)
  An adder skeleton (D:5)
  4 worms
  2 dart slugs
  6 leopard geckos
  24 orcs
  2 ball pythons (D:8)
  7 giant cockroaches
  8 goblins
  4 hobgoblins
  15 jackals
  3 quokkas
  6 bats
  6 frilled lizards
  A jackal skeleton (D:8)
  4 kobolds
  A leopard gecko skeleton (D:5)
  8 rats
163 creatures vanquished.

Notes
Turn   | Place    | Note
-------+----------+-------------------------------------------
     0 | D:1      | Ihlosi the Kobold Fighter began the quest for the Orb.
     0 | D:1      | Reached XP level 1. HP: 14/14 MP: 1/1
   239 | D:1      | Reached XP level 2. HP: 18/19 MP: 2/2
   516 | D:2      | Reached skill level 2 in Maces & Flails
   549 | D:2      | Reached XP level 3. HP: 22/23 MP: 3/3
   671 | D:2      | Reached skill level 1 in Dodging
   671 | D:2      | Reached XP level 4. HP: 11/29 MP: 4/4
  2107 | D:3      | Found a stormy altar of Qazlal.
  2138 | D:3      | Reached XP level 5. HP: 21/33 MP: 5/5
  2284 | D:3      | Reached skill level 1 in Evocations
  2740 | D:3      | Reached skill level 3 in Maces & Flails
  3070 | D:4      | Noticed a phantom
  3146 | D:3      | Killed a phantom
  3146 | D:3      | Reached XP level 6. HP: 19/38 MP: 5/7
  3539 | D:4      | Reached XP level 7. HP: 42/43 MP: 8/8
  3635 | D:4      | Found a glowing golden altar of the Shining One.
  3680 | D:4      | Found a staircase to the Ecumenical Temple.
  3831 | D:4      | Reached skill level 4 in Maces & Flails
  4086 | D:5      | Entered Level 5 of the Dungeon
  4631 | Temple   | Entered the Ecumenical Temple
  4930 | D:4      | Became a worshipper of the Shining One
  5088 | D:5      | Reached XP level 8. HP: 48/48 MP: 9/9
  5398 | D:5      | Reached skill level 5 in Maces & Flails
  5529 | D:5      | Found a blossoming altar of Fedhas.
  6007 | D:6      | Reached * piety under the Shining One
  6042 | D:6      | Found a hazy altar of Hepliaklqana.
  6050 | D:6      | Reached skill level 5 in Fighting
  6215 | D:6      | Reached XP level 9. HP: 53/54 MP: 11/11
  6237 | D:6      | Found a bloodstained altar of Trog.
  6260 | D:6      | Reached skill level 6 in Maces & Flails
  7698 | D:7      | Got a transparent hunting sling
  7768 | D:8      | Identified the +4 hunting sling of Instant Death {venom,
                  | rC++ Str+4 Dex-4} (You found it on level 7 of the Dungeon)
  7864 | D:8      | Reached skill level 7 in Maces & Flails
  7900 | D:8      | Found a sacrificial altar of Ru.
  7960 | D:8      | Slain by an ice beast

Skill      XL: |  1  2  3  4  5  6  7  8  9 |
---------------+----------------------------+-----
Maces & Flails | 2 3 4 5 7 |  7.1
Dodging        | 1 2 3 4 |  4.3
Shields        | 3 4 |  4.5
Armour         | 3 4 |  4.5
Evocations     | 1 2 3 4 |  4.2
Fighting       | 4 5 |  5.6

Action                   |  1- 3 |  4- 6 |  7- 9 || total
-------------------------+-------+-------+-------++-------
Melee: Flail             |    62 |   229 |   275 ||   566
       Morningstar       |       |       |   116 ||   116
 Abil: Stop Flying       |     1 |       |       ||     1
       Evoke Flight      |     1 |       |       ||     1
  Use: Potion            |     1 |     1 |     6 ||     8
       Scroll            |       |    11 |     6 ||    17
  Eat: Chunk             |     8 |     9 |    13 ||    30
Armor: Scale mail        |    22 |    94 |   176 ||   292
       Skin              |       |       |    22 ||    22
Dodge: Dodged            |    27 |    99 |   168 ||   294
Block: Shield            |    34 |   102 |   226 ||   362
